 Dungeon Crawl Stone Soup version 0.26-a0-639-g72c4674329 (webtiles) character file.

Game seed: 6307080326012650093

305 Borgoz the Ruffian (level 6, 51/52 HPs)
             Began as a Ghoul Monk on Sept 20, 2020.
             Tarried too long and was consumed by Zot
             ... on level 3 of the Dungeon.
             The game lasted 00:03:25 (17418 turns).

Borgoz the Ruffian (Ghoul Monk)                    Turns: 17418, Time: 00:03:26

Health: 51/52      AC:  6    Str: 16    XL:     6   Next: 39%
Magic:  5/5        EV: 10    Int:  5    God:
Gold:   191        SH:  0    Dex: 12    Spells: 5/5 levels left

rFire    . . .     SeeInvis .   (no weapon)
rCold    + . .     Faith    .   (no shield)
rNeg     + + +     Spirit   .   e - +0 ring mail
rPois    ∞         Reflect  .   d - +0 helmet
rElec    .         Harm     .   (no cloak)
rCorr    .         Rampage  .   (no gloves)
MR       .....                  (no boots)
Stlth    +.........             (no amulet)
HPRegen  0.00/turn              (no ring)
MPRegen  0.09/turn              (no ring)

@: very heavily drained, bezotted
A: rotting body, claws 1, cold resistance 1, negative energy resistance 3,
inhibited regeneration, torment resistance, unbreathing
a: no special abilities


You were on level 3 of the Dungeon.
You visited 1 branch of the dungeon, and saw 3 of its levels.

You collected 191 gold pieces.

Inventory:

Missiles
 k - a throwing net (quivered)
Armour
 d - a +0 helmet (worn)
 e - a +0 ring mail (worn)
Scrolls
 a - a scroll of blinking {unknown}
 b - 5 scrolls of identify {unknown}
 f - a scroll of random uselessness {unknown}
 g - a scroll of enchant armour {unknown}
 h - a scroll of amnesia {unknown}
 j - a scroll of fog {unknown}
 l - a scroll of remove curse {unknown}
Potions
 c - a potion of lignification {unknown}
 i - a potion of ambrosia {unknown}


   Skills:
 + Level 4.1(0.0) Fighting
 * Level 2.8(0.0) Armour
 + Level 3.3(0.0) Dodging
 + Level 3.4(0.0) Stealth
 * Level 4.9(0.0) Unarmed Combat


You had 5 spell levels left.
You didn't know any spells.
Your spell library was empty.

Dungeon Overview and Level Annotations

Branches:
Dungeon (3/15)

Altars:
Kikubaaqudgha
Trog


Innate Abilities, Weirdness & Mutations

Your body is rotting away.
You thrive by killing the living.
You are immune to poison.
You have sharp fingernails.
Your flesh is cold resistant. (rC+)
You are immune to negative energy. (rN+++)
You do not regenerate when monsters are visible.
You are immune to unholy pain and torment.
You can survive without breathing.


Message History

Key pressed, stopping explore.
Key pressed, stopping explore.
There's nothing to open nearby.
Unknown command.
There's nothing to open nearby.
Key pressed, stopping explore.
Key pressed, stopping explore.
Key pressed, stopping explore.
There's nothing to open nearby.
Unknown command.
There's nothing to open nearby.
Key pressed, stopping explore.
You have lingered too long in familiar places.
Zot approaches.
Travel to new levels before you perish!
You feel drained.
Zot draws near.
Death is approaching...
You feel drained.
Zot draws near.
Death is approaching...
You feel drained.
Zot draws near.
Death is approaching...
You feel drained.
Zot draws near.
Death is approaching...
You feel drained. Zot has found you!
You die...

.## #.#
#.#######.# .#
#.. ..# #.# .#
#... .## ###.##
..
.....#######....#
##
#...###....###..#
..##.......##..#
#.........#..#
#)...#....##.#
#.)..###.@.##†#
#.._.#y#......#
#))..###...####
##....#....#
#.........#
##.......##
###....## #####


You could see a moth of wrath.

Vanquished Creatures
  Sigmund (D:2)
  Jessica (D:2)
  4 adders
  4 worms
  A dart slug (D:2)
  3 leopard geckos
  A ball python (D:3)
  2 hobgoblins
  10 jackals
  2 kobolds
  2 quokkas (D:2)
  9 bats
  3 frilled lizards
  6 goblins
  16 rats
65 creatures vanquished.

Notes
Turn   | Place    | Note
-------+----------+-------------------------------------------
     0 | D:1      | Borgoz the Ghoul Monk began the quest for the Orb.
     0 | D:1      | Reached XP level 1. HP: 19/19 MP: 0/0
   260 | D:1      | Reached XP level 2. HP: 26/26 MP: 1/1
   595 | D:1      | Reached skill level 1 in Armour
   813 | D:1      | Reached XP level 3. HP: 29/31 MP: 2/2
   887 | D:1      | You fall into a shaft and drop 1 floor!
  1017 | D:2      | Found an ancient bone altar of Kikubaaqudgha.
  1219 | D:2      | Reached XP level 4. HP: 22/38 MP: 3/3
  1778 | D:2      | Noticed Jessica
  1784 | D:2      | Killed Jessica
  1888 | D:2      | Noticed Sigmund
  1914 | D:2      | Killed Sigmund
  1914 | D:2      | Reached XP level 5. HP: 19/46 MP: 4/4
  1914 | D:2      | Reached XP level 6. HP: 21/52 MP: 5/5
  2774 | D:3      | Noticed a moth of wrath
  2777 | D:3      | Found a bloodstained altar of Trog.
 16908 | D:3      | Touched by the power of Zot.
 17006 | D:3      | Touched by the power of Zot.
 17099 | D:3      | Touched by the power of Zot.
 17206 | D:3      | Touched by the power of Zot.
 17317 | D:3      | Touched by the power of Zot.
 17418 | D:3      | Tarried too long and was consumed by Zot

Illustrated notes

Levels and vault maps discovered:
D:1:      roderic_chinese_lattice_arrival, layout_basic,
          kennysheep_pointless_box
D:2:      layout_loops_corners, lemuel_doored_altar, uniq_jessica, uniq_sigmund
D:3:      layout_loops_cross, tgw_trog, minmay_misc_feat_diagonals,
          minmay_misc_feat_enclosed

Skill      XL: |  1  2  3  4 |
---------------+-------------+-----
Armour         | 1 2 |  2.8
Dodging        | 3 |  3.3
Unarmed Combat | 4 |  4.9
Fighting       | 4 |  4.1
Stealth        | 3 |  3.4

Action                   |  1- 3 |  4- 6 || total
-------------------------+-------+-------++-------
Melee: Unarmed           |   125 |   122 ||   247
       Punch             |       |     1 ||     1
  Use: Potion            |       |     1 ||     1
 Stab: Sleeping          |     6 |     3 ||     9
Armor: Robe              |    21 |       ||    21
       Ring mail         |    16 |    28 ||    44
Dodge: Dodged            |    81 |    73 ||   154

Table legend: (Time is in decaauts)
 A = Elapsed time spent in this place.
 B = Non-inter-level travel time spent in this place.
 C = Inter-level travel time spent in this place.
 D = Time resting spent in this place.
 E = Time spent auto-exploring this place.
 F = Levels seen in this place.
 G = Mean time per level.
                   A        B        C        D        E       F      G
               +--------+--------+--------+--------+--------+-----+--------+
         Total |  17400 |  17290 |    110 |    378 |  16419 |   3 | 5800.0 |
       Dungeon |  17400 |  17290 |    110 |    378 |  16419 |   3 | 5800.0 |
               +--------+--------+--------+--------+--------+-----+--------+

Top non-repeatable levels by time:
     D:3: 14907 daAuts
     D:2: 1326 daAuts
     D:1: 1167 daAuts
